 Dungeon Crawl Stone Soup version 0.31-a0-231-g51bb95cda3 (webtiles) character file.

Game seed: 176453364205449359

214 qw the Shooter (level 5, -3/45 HPs)
             Began as a Minotaur Hexslinger on July 6, 2023.
             Slain by an ogre
             ... wielding a +0 giant club
              (5 damage)
             ... on level 4 of the Dungeon.
             The game lasted 00:00:59 (2866 turns).

qw the Shooter (Minotaur Hexslinger)                Turns: 2866, Time: 00:01:00

Health: -3/45      AC: 10    Str: 13    XL:     5   Next: 59%
Magic:  5/5        EV: 11    Int: 10    God:
Gold:   83         SH:  0    Dex: 14    Spells: 5/6 levels left

rFire   . . .        Y - +1 sling
rCold   . . .        (no shield)
rNeg    . . .        e - +0 ring mail
rPois   .            (helmet restricted)
rElec   .            (no cloak)
rCorr   .            i - +0 pair of gloves
SInv    .            (no boots)
Will    .....        (no amulet)
Stlth   +            b - +4 ring of protection
HPRegen 0.27/turn    (no ring)
MPRegen 0.09/turn

%: no passive effects
@: no status effects
A: horns 2, retaliatory headbutt
a: no special abilities


You were on level 4 of the Dungeon.
You visited 1 branch of the dungeon, and saw 4 of its levels.

You collected 83 gold pieces.


Innate Abilities, Weirdness & Mutations

You have a pair of horns on your head.
You reflexively headbutt those who attack you in melee.


   Skills:
 - Level 3.1 Fighting
 + Level 5.7 Ranged Weapons
 - Level 1.1 Armour
 - Level 2.1 Dodging
 - Level 1.0 Spellcasting
 - Level 2.0 Hexes


You had 5 spell levels left.
You knew the following spells:

 Your Spells              Type           Power      Damage    Failure   Level
a - Slow                  Hex            16%        N/A       32%         1

Your spell library contained the following spells:

 Spells                   Type           Power      Damage    Failure   Level
 Inner Flame              Hex/Fire       2%         N/A       82%         3
 Portal Projectile        Hex/Tloc       4%         N/A       82%         3
 Cause Fear               Hex            2%         N/A       97%         4

Inventory:

Hand Weapons
 Y - a +1 sling (weapon)
Armour
 e - a +0 ring mail (worn)
 i - a +0 pair of gloves (worn)
Jewellery
 b - a +4 ring of protection (left hand)
 d - a ring of flight
Scrolls
 c - 2 scrolls of identify
Potions
 a - a potion of mutation
 f - a potion of curing
 g - a potion of enlightenment

Dungeon Overview and Level Annotations

Branches:
Dungeon (4/15)
 Temple: D:4-7

Altars:
Cheibriados
Gozag
Qazlal
Zin


Message History

The sleepcap is severely damaged.
The sleepcap closely misses you.
You shoot a sling bullet.
The sling bullet hits the sleepcap but does no damage.
The sleepcap is severely damaged.
The sleepcap releases spores at you but does no damage.
You shoot a sling bullet. The sling bullet hits the sleepcap.
The sleepcap is almost destroyed.
The sleepcap barely misses you. The sleepcap closely misses you.
You furiously retaliate!
You headbutt the sleepcap.
You destroy the sleepcap!
You start resting.
HP restored.
Found an escape hatch in the floor.
An orc comes into view. It is wielding a +0 dagger.
The orc shouts!
You shoot a sling bullet. The sling bullet hits the orc.
The orc is heavily wounded.
You shoot a sling bullet. The sling bullet hits the orc.
You kill the orc!
You see here a +0 chain mail of cold resistance.
d - a ring of flight
Found a stone staircase leading down.
There is a stone staircase leading down here.
You now have 83 gold pieces (gained 12).
An ogre comes into view. It is wielding a +0 giant club.
The ogre shouts!
You shoot a sling bullet. The sling bullet hits the ogre.
The ogre is lightly wounded.
You shoot a sling bullet. The sling bullet hits the ogre.
The ogre is moderately wounded.
The ogre hits you with a +0 giant club!!
You shoot a sling bullet. The sling bullet hits the ogre.
The ogre is heavily wounded.
The ogre hits you with a +0 giant club!!
Ouch! That really hurt!
You shoot a sling bullet.
The sling bullet barely misses the ogre.
The ogre hits you with a +0 giant club.
You die...

.$. ##.## #...#
### .}.# #.. ...
#.# #.# #.# ###O#
#.# ###..@#
######.#####...###
.>........##.#.#
######.##.##.#.#
#.#.....#..
#....#######
###... ##.## #.#


You could see an ogre.

Vanquished Creatures
  An orc priest (D:2)
  A jelly (D:4)
  An orc wizard (D:3)
  2 sleepcaps
  An adder (D:3)
  2 dart slugs (D:3)
  8 orcs
  5 endoplasms
  A giant cockroach (D:1)
  A goblin (D:1)
  6 hobgoblins
  3 jackals (D:1)
  7 kobolds
  A quokka (D:2)
  5 ball pythons
  5 bats
  A frilled lizard (D:2)
  3 rats
54 creatures vanquished.

Notes
Turn   | Place    | Note
-------+----------+-------------------------------------------
     0 | D:1      | qw the Minotaur Hexslinger began the quest for the Orb.
     0 | D:1      | Reached XP level 1. HP: 16/16 MP: 1/1
     0 | D:1      | 0 ||| qw: Version: 0.3-a-46-gb1f654a
     0 | D:1      | 0 ||| qw: Game counter: 1831
     0 | D:1      | 0 ||| qw: Melee chars always use a shield: true
     0 | D:1      | 0 ||| qw: God list: Okawaru
     0 | D:1      | 0 ||| qw: Allow faded altars: false
     0 | D:1      | 0 ||| qw: Do Orc after clearing Dungeon:15 true
     0 | D:1      | 0 ||| qw: Do second Lair branch before Depths: true
     0 | D:1      | 0 ||| qw: Lair rune preference: random
     0 | D:1      | 0 ||| qw: Goals: Normal
     0 | D:1      | 0 ||| PLANNING D:1-11
   348 | D:1      | Reached skill level 3 in Ranged Weapons
   348 | D:1      | Reached XP level 2. HP: 23/23 MP: 2/2
   927 | D:1      | 927 ||| UPGRADING to +0 ring mail.
   937 | D:1      | 937 ||| DROPPING +0 robe.
   938 | D:1      | 938 ||| UPGRADING to +0 pair of gloves.
   943 | D:1      | 943 ||| READING scroll labelled OSKASTR LOEL.
   944 | D:1      | 944 ||| READING scroll labelled HIC GUTZOESAL.
   945 | D:1      | 945 ||| READING scroll labelled DOREFF IFUDUS.
   946 | D:1      | 946 ||| READING scroll labelled LEBIUM RUDEOGE.
   947 | D:1      | 947 ||| DROPPING scroll of poison.
  1095 | D:2      | Found a glowing silver altar of Zin.
  1111 | D:2      | Reached XP level 3. HP: 29/29 MP: 3/3
  1330 | D:2      | Reached skill level 4 in Ranged Weapons
  1813 | D:2      | 1813 ||| READING 2 scrolls labelled UNADAYPOLA.
  1817 | D:2      | 1817 ||| READING 2 scrolls of identify.
  1817 | D:2      | 1817 ||| IDENTIFYING smoky white potion
  1902 | D:3      | 1902 ||| FLEEEEING.
  1903 | D:3      | 1903 ||| FLEEEEING.
  1904 | D:3      | 1904 ||| FLEEEEING.
  1917 | D:3      | Reached skill level 1 in Armour
  1917 | D:3      | Reached XP level 4. HP: 36/36 MP: 4/4
  1923 | D:3      | 1923 ||| FLEEEEING.
  1926 | D:3      | 1926 ||| FLEEEEING.
  1927 | D:3      | 1927 ||| FLEEEEING.
  1928 | D:3      | 1928 ||| FLEEEEING.
  1929 | D:3      | 1929 ||| FLEEEEING.
  1930 | D:3      | 1930 ||| FLEEEEING.
  1931 | D:3      | 1931 ||| FLEEEEING.
  1934 | D:3      | 1934 ||| FLEEEEING.
  1935 | D:3      | 1935 ||| FLEEEEING.
  1936 | D:3      | 1936 ||| FLEEEEING.
  1937 | D:3      | 1937 ||| FLEEEEING.
  1938 | D:3      | 1938 ||| FLEEEEING.
  1941 | D:3      | 1941 ||| FLEEEEING.
  1942 | D:3      | 1942 ||| FLEEEEING.
  1943 | D:3      | 1943 ||| FLEEEEING.
  1944 | D:3      | 1944 ||| FLEEEEING.
  1948 | D:3      | 1948 ||| FLEEEEING.
  1949 | D:3      | 1949 ||| FLEEEEING.
  1950 | D:3      | 1950 ||| FLEEEEING.
  1951 | D:3      | 1951 ||| FLEEEEING.
  1952 | D:3      | 1952 ||| FLEEEEING.
  1953 | D:3      | 1953 ||| FLEEEEING.
  1954 | D:3      | 1954 ||| FLEEEEING.
  1955 | D:3      | 1955 ||| FLEEEEING.
  1961 | D:3      | 1961 ||| FLEEEEING.
  1962 | D:3      | 1962 ||| FLEEEEING.
  1963 | D:3      | 1963 ||| FLEEEEING.
  1964 | D:3      | 1964 ||| STAIRDANCE
  1984 | D:3      | 1984 ||| STAIRDANCE
  2056 | D:3      | Reached skill level 5 in Ranged Weapons
  2077 | D:3      | HP: 9/37 [orc wizard/+0 dagger (2)]
  2078 | D:3      | 2078 ||| READING scroll of teleportation.
  2079 | D:3      | Reached skill level 3 in Fighting
  2079 | D:3      | Reached XP level 5. HP: 12/45 MP: 5/5
  2210 | D:3      | Identified the +5 spear of the Present {speed, +Blink rN+++
                  | Str+4 Dex-3}
  2227 | D:3      | Found a faded altar of an unknown god.
  2441 | D:3      | Found an opulent altar of Gozag.
  2441 | D:3      | Found a stormy altar of Qazlal.
  2662 | D:3      | 2662 ||| UPGRADING to +4 ring of protection.
  2663 | D:3      | 2663 ||| DRINKING 2 inky potions.
  2664 | D:3      | 2664 ||| READING 4 scrolls of identify.
  2664 | D:3      | 2664 ||| IDENTIFYING fizzy red potion
  2665 | D:3      | 2665 ||| READING 3 scrolls of identify.
  2665 | D:3      | 2665 ||| IDENTIFYING smoky brown potion
  2666 | D:3      | 2666 ||| READING 2 scrolls of identify.
  2666 | D:3      | 2666 ||| IDENTIFYING murky white potion
  2667 | D:3      | 2667 ||| DROPPING potion of brilliance.
  2668 | D:3      | 2668 ||| DROPPING potion of attraction.
  2704 | D:4      | Found a snail-covered altar of Cheibriados.
  2862 | D:4      | Noticed an ogre
  2865 | D:4      | HP: 2/45 [ogre/+0 giant club (23)]
  2866 | D:4      | Slain by an ogre

Levels and vault maps discovered:
D:1:      tarquinn_simple_flora_water_e, layout_basic
D:2:      layout_loops_ring, basic_altar, minivault_5
D:3:      layout_basic, gammafunk_temple_overflow_elements,
          shapermc_ecumenical_altar_totnotflames
D:4:      layout_loops_ring, mainiacjoe_overflow_alcove_4,
          minmay_temple_entry_nine_rooms

Skill      XL: |  1  2  3  4 |
---------------+-------------+-----
Ranged Weapons | 3 4 5 |  5.7
Fighting       | 2 3 |  3.1
Armour         | 1 |  1.1
Dodging        | |  2.1
Spellcasting   | |  1.0
Hexes          | |  2.0

Action                     |  1- 3 |  4- 6 || total
---------------------------+-------+-------++-------
   Fire: Sling             |   116 |    79 ||   195
    Use: Scroll            |     6 |     4 ||    10
         Potion            |       |     1 ||     1
 Armour: Robe              |     5 |       ||     5
         Ring mail         |    17 |    26 ||    43
  Dodge: Dodged            |    39 |    22 ||    61

Table legend:
 A = Non-vault XP
 B = Vault XP
 C = Vault XP percentage of total XP
 D = Non-vault monster count
 E = Vault monster count
 F = Vault count percentage of total count
                 A         B        C        D         E       F
            +---------+---------+-------+---------+---------+-------
      Total |     306 |       0 |   0.0 |      54 |       0 |   0.0
            +---------+---------+-------+---------+---------+-------
        D:1 |      30 |       0 |   0.0 |      17 |       0 |   0.0
        D:2 |     104 |       0 |   0.0 |      17 |       0 |   0.0
        D:3 |      86 |       0 |   0.0 |      16 |       0 |   0.0
        D:4 |      86 |       0 |   0.0 |       4 |       0 |   0.0
            +---------+---------+-------+---------+---------+-------
